 Dungeon Crawl Stone Soup version 0.19.0 (webtiles) character file.

123 Danakh the Chopper (level 4, -3/41 HPs)
             Began as a Minotaur Fighter on Nov 5, 2016.
             Was a Believer of Qazlal.
             Slain by Grinder (4 damage)
             ... on level 3 of the Dungeon.
             The game lasted 00:03:35 (1130 turns).

Danakh the Chopper (Minotaur Fighter)               Turns: 1130, Time: 00:03:37

Health: -3/41      AC: 11    Str: 22    XL:     4   Next: 80%
Magic:  3/3        EV:  4    Int:  5    God:    Qazlal [**....]
Gold:   98         SH: 12    Dex:  9    Spells: 0 memorised, 3 levels left

rFire  . . .     SeeInvis .     a - +0 war axe
rCold  . . .     Gourm    .     o - +0 plate armour
rNeg   . . .     Faith    .     c - +0 shield
rPois  .         Spirit   .     (helmet restricted)
rElec  .         Reflect  .     (no cloak)
rCorr  .         Harm     .     (no gloves)
MR     .....                    (no boots)
Stlth  ..........               (no amulet)
                                (no ring)
                                (no ring)

@: no status effects
A: retaliatory headbutt, horns 2
a: Upheaval, Renounce Religion


You were on level 3 of the Dungeon.
You worshipped Qazlal.
Qazlal was pleased with you.
You were not hungry.

You visited 1 branch of the dungeon, and saw 3 of its levels.

You collected 98 gold pieces.

Inventory:

Hand Weapons
 a - a +0 war axe (weapon)
Armour
 b - a +0 scale mail
 c - a +0 shield (worn)
 o - a +0 plate armour (worn)
Scrolls
 e - a scroll of blinking {unknown}
 i - a scroll of identify {unknown}
 j - 2 scrolls of recharging {unknown}
 k - 2 scrolls of fog {unknown}
 n - a scroll of remove curse {unknown}
 q - a scroll of random uselessness {unknown}
Potions
 d - a potion of might
 g - 2 potions of resistance {unknown}
 h - 2 potions of cancellation {unknown}
 l - 2 potions of haste {unknown}
 p - a potion of degeneration {unknown}
Comestibles
 f - 2 bread rations


   Skills:
 + Level 4.3 Fighting
 * Level 4.5 Axes
 + Level 4.2 Armour
 + Level 4.3 Shields


You had 3 spell levels left.
You didn't know any spells.

Dungeon Overview and Level Annotations

Branches:
Dungeon (3/15)

Altars:
Ashenzari
Makhleb
Qazlal

Annotations:
D:3 Grinder


Innate Abilities, Weirdness & Mutations

You reflexively headbutt those who attack you in melee.
You have a pair of horns on your head.


Message History

Grinder is moderately wounded.
You completely miss the adder. The adder bites you but does no damage.
Grinder blinks!
You block the adder's attack.
Your shield and plate armour prevent you from hitting the adder.
Your headbutt misses the adder.
The adder is almost dead.
The adder bites you.
* * * LOW HITPOINT WARNING * * *
The adder completely misses you.
You miss the adder.
The adder is almost dead.
Grinder says, "FISH!"
The adder bites you but does no damage.
You slash Grinder! You headbutt Grinder.
Grinder is heavily wounded.
You closely miss the adder. You block the adder's attack. x2
Grinder hits you.
* * * LOW HITPOINT WARNING * * *
You writhe in agony.
You die...

)...................#
....................#
....................#
............))......#
............)().....#
...........))).....#
..................#
......S5..........
.......@..........
=.................
..................
....(...).........
.................
..............%.
...............
...............


You could see Grinder and an adder.

Vanquished Creatures
  Robin (D:3)
  4 adders
  3 worms
  2 dart slugs
  3 leopard geckos
  2 giant cockroaches
  12 goblins
  9 hobgoblins
  2 jackals (D:1)
  5 kobolds
  7 bats
  6 frilled lizards
  5 rats
61 creatures vanquished.

Notes
Turn   | Place    | Note
-------+----------+-------------------------------------------
     0 | D:1      | Danakh the Minotaur Fighter began the quest for the Orb.
     0 | D:1      | Reached XP level 1. HP: 19/19 MP: 0/0
    78 | D:1      | Found a shattered altar of Ashenzari.
   113 | D:1      | Reached XP level 2. HP: 24/27 MP: 1/1
   410 | D:2      | Reached XP level 3. HP: 28/33 MP: 2/2
   456 | D:2      | Found a burning altar of Makhleb.
   649 | D:2      | Reached XP level 4. HP: 40/40 MP: 3/3
   710 | D:2      | Found a faded altar of an unknown god.
   728 | D:2      | Became a worshipper of Qazlal Stormbringer
   728 | D:2      | Reached * piety under Qazlal
  1098 | D:3      | Noticed Robin
  1108 | D:3      | Reached ** piety under Qazlal
  1117 | D:3      | Killed Robin
  1118 | D:3      | Noticed Grinder
  1130 | D:3      | HP: 1/41 [Grinder (5)]
  1130 | D:3      | Slain by Grinder

Skill      XL: |  1  2  3 |
---------------+----------+-----
Axes           | 3 4 |  4.5
Fighting       | 4 |  4.3
Shields        | 4 |  4.3
Armour         | 4 |  4.2

Action                   |  1- 3 |  4- 6 || total
-------------------------+-------+-------++-------
Melee: War axe           |    89 |    65 ||   154
       Headbutt          |    11 |    11 ||    22
  Eat: Chunk             |       |     1 ||     1
Armor: Scale mail        |    21 |       ||    21
       Plate armour      |    21 |    57 ||    78
Dodge: Dodged            |    27 |    17 ||    44
Block: Shield            |    48 |    48 ||    96
